 Dungeon Crawl Stone Soup version 0.28-a0-1087-gf3fc490d9d (webtiles) character file.

Game seed: 5478721201834213696

219 meatgazer the Distorting Demonspawn (level 5, -6/43 HPs)
             Began as a Demonspawn Abyssal Knight on Dec 10, 2021.
             Was a Believer of Lugonu.
             Killed from afar by Sigmund (8 damage)
             ... with a magic dart
             ... on level 3 of the Dungeon.
             The game lasted 00:04:12 (3725 turns).

meatgazer the Distorting Demonspawn (DsAK)          Turns: 3725, Time: 00:04:13

Health: -6/43      AC:  4    Str: 15    XL:     5   Next: 63%
Magic:  8/8        EV: 11    Int: 12    God:    Lugonu [**....]
Gold:   199        SH:  0    Dex: 13    Spells: 4/4 levels left

rFire   + . .      SeeInvis +   a - +1 falchion
rCold   + . .      Faith    .   (no shield)
rNeg    . . .      Spirit   .   i - +1 robe {Will+}
rPois   .          Reflect  .   q - +0 helmet {SInv}
rElec   .          Harm     +   k - scarf {harm}
rCorr   .          Rampage  .   (no gloves)
Will    +....                   (no boots)
Stlth   +.........              (no amulet)
HPRegen 0.14/turn               d - ring of protection from fire
MPRegen 0.22/turn               f - ring of protection from cold

@: no status effects
A: spiny 1, magic regeneration
a: Renounce Religion, Depart the Abyss, Bend Space


You were on level 3 of the Dungeon.
You worshipped Lugonu.
Lugonu was pleased with you.
You visited 1 branch of the dungeon, and saw 3 of its levels.
You visited the Abyss 1 time.

You collected 199 gold pieces.

Inventory:

Hand Weapons
 a - a +1 falchion (weapon)
Armour
 b - a +0 leather armour
 c - a +1 helmet
 i - a +1 robe of willpower (worn)
 k - a scarf of harm (worn)
 q - a +0 helmet of see invisible (worn)
Jewellery
 d - a ring of protection from fire (left hand)
 f - a ring of protection from cold (right hand)
 h - a ring of positive energy
 o - an amulet of faith
Potions
 e - a potion of magic
 g - a potion of attraction
 j - a potion of curing {unknown}
 l - a potion of heal wounds {unknown}
 m - a potion of brilliance {unknown}
 n - a potion of degeneration {unknown}


   Skills:
 + Level 4.3 Fighting
 + Level 3.3 Long Blades
 - Level 2.0 Armour
 - Level 1.0 Dodging
 + Level 4.8 Invocations


You had 4 spell levels left.
You didn't know any spells.
Your spell library contained the following spells:

 Spells                   Type           Power      Damage    Failure   Level
 Magic Dart               Conj           0%         1d3       32%         1
 Call Imp                 Summ           0%         N/A       45%         2
 Mephitic Cloud           Conj/Pois/Air  0%         N/A       69%         3


Dungeon Overview and Level Annotations

Branches:
Dungeon (3/15)

Altars:
Ashenzari
Hepliaklqana
Makhleb
Uskayaw
Vehumet

Annotations:
D:3 Sigmund


Innate Abilities, Weirdness & Mutations

You are partially covered in sharp spines.
You regenerate magic rapidly.


Message History

Sigmund is nearby!
Sigmund gestures at you while chanting. You resist with almost no effort.
Sigmund gestures at you while chanting. The puff of flame misses you.
Sigmund hits you from afar with a +0 scythe!
A kobold comes into view.
It is wielding a +0 short sword and quivering poisoned darts.
You barely miss Sigmund. Sigmund is struck by your spines.
Sigmund closely misses you.
You barely miss Sigmund.
Sigmund is lightly wounded.
Sigmund hits you with a +0 scythe.
The kobold shouts!
You barely miss Sigmund.
Sigmund is lightly wounded.
The kobold is struck by your spines. The kobold barely misses you.
Sigmund is struck by your spines. Sigmund barely misses you.
You slash Sigmund!
Sigmund is heavily wounded.
The kobold hits you with a +0 short sword.
The kobold is struck by your spines.
You kill the kobold!
Lugonu accepts your kill.
You hit Sigmund.
Sigmund is severely wounded.
Sigmund hits you with a +0 scythe.
You closely miss Sigmund.
Sigmund is severely wounded.
Sigmund is struck by your spines. Sigmund hits you with a +0 scythe!
* * * LOW HITPOINT WARNING * * *
You hit Sigmund.
Sigmund is severely wounded.
Sigmund casts a spell at you. The magic dart hits you.
* * * LOW HITPOINT WARNING * * *
You hit Sigmund.
Sigmund is almost dead.
Sigmund points at you and mumbles some strange words.
The magic dart hits you!
You die...

###....### ..## .##
#.....#⌠.##'.#.⌠ ..#
#............... ..#
#..#...#.......#####.#
#..#...#.......#...#.#
#......'..._...+.. +.#
##..#...#.......#. #.#
....##.##.......)####.#
###....#.......@@.....#
# #....#⌠.##'##.⌠...###
# #....#.##...####..# #
#.......#...#.....#
###....#.@#......#..#
..+..>.+#.#..##.##.##
###....##.@.....##.# #
###+############.# ##


You could see Sigmund.

Vanquished Creatures
  A howler monkey (D:2)
  An orc priest (D:3)
  Jessica (D:2)
  3 gnolls
  2 adders (D:2)
  2 worms (D:2)
  2 dart slugs
  3 orcs (D:3)
  6 endoplasms
  A giant cockroach (D:1)
  4 goblins
  7 hobgoblins
  5 kobolds
  7 quokkas
  5 ball pythons
  7 bats
  2 frilled lizards (D:1)
  5 rats
64 creatures vanquished.

Notes
Turn   | Place    | Note
-------+----------+-------------------------------------------
     0 | Abyss:1  | meatgazer the Demonspawn Abyssal Knight began the quest for
                  | the Orb.
     0 | Abyss:1  | Reached XP level 1. HP: 18/18 MP: 2/2
    25 | Abyss:1  | Found a corrupted altar of Lugonu.
    29 | Abyss:1  | Found a corrupted altar of Lugonu.
    90 | Abyss:2  | Noticed an orange demon
    95 | Abyss:2  | Noticed a thrashing horror
    95 | Abyss:2  | Noticed a large abomination
    97 | D:1      | Escaped the Abyss
   139 | D:1      | Reached * piety under Lugonu
   140 | D:1      | Reached skill level 1 in Dodging
   288 | D:1      | Gained mutation: You regenerate magic rapidly. [demonic
                  | ancestry]
   288 | D:1      | Reached XP level 2. HP: 23/24 MP: 4/4
   582 | D:1      | Found a faded altar of an unknown god.
   701 | D:1      | Gained mutation: You are partially covered in sharp spines.
                  | [demonic ancestry]
   701 | D:1      | Reached XP level 3. HP: 22/29 MP: 5/5
   971 | D:2      | Reached XP level 4. HP: 20/37 MP: 6/6
   987 | D:2      | Reached ** piety under Lugonu
  1883 | D:2      | Noticed Jessica
  1891 | D:2      | Killed Jessica
  1892 | D:2      | Reached XP level 5. HP: 20/42 MP: 8/8
  2760 | D:2      | Found a hazy altar of Hepliaklqana.
  3150 | D:3      | Found a hide-covered altar of Uskayaw.
  3356 | D:3      | Found a radiant altar of Vehumet.
  3515 | D:3      | Found a burning altar of Makhleb.
  3681 | D:3      | Found a broken altar of Ashenzari.
  3682 | D:3      | Noticed Sigmund
  3724 | D:3      | HP: 1/43 [Sigmund/magic dart (6)]
  3725 | D:3      | Killed from afar by Sigmund

Illustrated notes

Levels and vault maps discovered:
D:1:      wander_arrival_desolate, layout_basic,
          hellmonk_ecumenical_altar_heavens_door
D:2:      layout_basic, basic_altar, uniq_jessica
D:3:      layout_basic, evilmike_ruin_ashenzari, nicolae_uskayaw_dance_hall,
          bloody_makhleb, amcnicky_altar_gilded,
          minmay_fractal_squares_gapless_5, uniq_sigmund, uniq_grinder

Skill      XL: |  1  2  3  4 |
---------------+-------------+-----
Dodging        | 1 |  1.0
Armour         | 2 |  2.0
Long Blades    | 2 3 |  3.3
Invocations    | 3 4 |  4.8
Fighting       | 4 |  4.3

Action                   |  1- 3 |  4- 6 || total
-------------------------+-------+-------++-------
Melee: Falchion          |    82 |    82 ||   164
Invok: Depart the Abyss  |     1 |       ||     1
  Use: Scroll            |     3 |     4 ||     7
 Stab: Sleeping          |     1 |       ||     1
Armor: Leather armour    |    40 |     4 ||    44
       Robe              |       |     3 ||     3
Dodge: Dodged            |    71 |    50 ||   121

Table legend: (Time is in decaauts)
 A = Elapsed time spent in this place.
 B = Non-inter-level travel time spent in this place.
 C = Inter-level travel time spent in this place.
 D = Time resting spent in this place.
 E = Time spent auto-exploring this place.
 F = Levels seen in this place.
 G = Mean time per level.
                   A        B        C        D        E       F      G
               +--------+--------+--------+--------+--------+-----+--------+
         Total |   3753 |   3660 |     93 |   1111 |   2006 |   5 |  750.6 |
       Dungeon |   3657 |   3564 |     93 |   1111 |   1940 |   3 | 1219.0 |
         Abyss |     96 |     96 |      0 |      0 |     66 |   2 |   48.0 |
               +--------+--------+--------+--------+--------+-----+--------+

Top non-repeatable levels by time:
     D:1: 1580 daAuts
     D:2: 1364 daAuts
     D:3: 711 daAuts
 Abyss:1: 59 daAuts
 Abyss:2: 37 daAuts
